 Dungeon Crawl Stone Soup version 0.17.1-3-g152610e (webtiles) character file.

136 inmateoo the Insei (level 5, -1/33 HPs)
             Began as an Octopode Transmuter on Feb 20, 2016.
             Slain by Grinder (7 damage)
             ... while paralysed by Grinder
             ... on level 3 of the Dungeon.
             The game lasted 00:04:08 (2307 turns).

inmateoo the Insei (Octopode Transmuter)            Turns: 2307, Time: 00:04:09

Health: -1/33      AC:  1    Str:  9    XL:     5   Next: 19%
Magic:  5/9        EV:  2    Int: 16    God:
Gold:   257        SH:  0    Dex: 13    Spells: 3 memorised, 3 levels left

rFire  . . .     SeeInvis .     j - +6 club
rCold  . . .     Clarity  .     (no shield)
rNeg   . . .     SustAt   .     (helmet restricted)
rPois  .         Gourm    .     (no amulet)
rElec  .         Spirit   .     (no ring)
rCorr  .         Warding  .     (no ring)
rMut   .         Stasis   .     (no ring)
MR     .....                    (no ring)
Stlth  ++........               (no ring)
                                (no ring)
                                (no ring)
                                (no ring)

@: paralysed, not resistant to hostile enchantments, unstealthy
A: almost no armour, amphibious, 8 rings, constrict 8, camouflage 1, gelatinous
body 1
a: no special abilities


You were on level 3 of the Dungeon.
You were not hungry.

You visited 1 branch of the dungeon, and saw 3 of its levels.

You collected 257 gold pieces.

Inventory:

Hand Weapons
 j - a +6 club (weapon)
 l - a +2 short sword of venom
Missiles
 a - 33 arrows
Scrolls
 g - 3 scrolls of teleportation {unknown}
 i - 2 scrolls of remove curse {unknown}
 k - a scroll of blinking {unknown}
 o - a scroll of enchant weapon {unknown}
 p - 3 scrolls of recharging {unknown}
Potions
 d - 4 potions of haste
 e - a potion of agility {unknown}
 h - a potion of resistance {unknown}
 n - a potion of curing {unknown}
Books
 b - a book of Changes

   Spells                             Type                      Level
   a - Beastly Appendage              Transmutation                1
   b - Sticks to Snakes               Transmutation                2
   c - Spider Form                    Transmutation/Poison         3
   d - Ice Form                       Ice/Transmutation            4
   e - Blade Hands                    Transmutation                5
Comestibles
 c - 4 bread rations
 f - a meat ration
 m - 3 beef jerkies


   Skills:
 - Level 1.4 Fighting
 - Level 2.2 Dodging
 * Level 4.2 Unarmed Combat
 + Level 2.7 Spellcasting
 * Level 3.3 Transmutations


You had 3 spell levels left.
You knew the following spells:

 Your Spells              Type           Power        Failure   Level  Hunger
a - Beastly Appendage     Trmt           ##....       6%          1    #......
b - Sticks to Snakes      Trmt           ##........   10%         2    ##.....
c - Spider Form           Trmt/Pois      #.........   34%         3    ###....


Dungeon Overview and Level Annotations

Branches:
Dungeon (3/15)

Altars:

Annotations:
D:3 Grinder


Innate Abilities, Weirdness & Mutations

You cannot wear most types of armour.
You are amphibious.
You can wear up to eight rings at the same time.
You can use your tentacles to constrict eight enemies at once.
Your skin changes colour to match your surroundings (Stealth).
Your rubbery body absorbs attacks (AC +1).


Message History

You closely miss Grinder. You grab Grinder.
Grinder is moderately wounded.
You constrict Grinder.
Your ball python bites Grinder.
Grinder hits you.
You writhe in agony.
Your adder bites Grinder.
Your ball python bites Grinder.
Grinder hits you!
* * * LOW HITPOINT WARNING * * *
You writhe in agony.
* * * LOW HITPOINT WARNING * * *
Unknown command.
You sock Grinder!
You tentacle-slap Grinder, but do no damage.
Grinder is severely wounded.
You constrict Grinder.
Your adder completely misses Grinder.
Grinder gestures at you.
You suddenly lose the ability to move!
You lose your grip on Grinder.
Your ball python bites Grinder.
Your ball python grabs Grinder.
Your ball python constricts Grinder.
Your adder bites Grinder but does no damage.
Grinder hits you!
You die...

####..... ........ ..#
.....# ######..#
....†#######.......#
...).#....##.......#
....##....##.......#
....##.)..##.......#
....##....##..S.S.>##'##
#..............5@.......
#...............##......
#...............# .....
#...####........# ..##
#...# #...(....# ...
#...# #........# ##
#...# #.....#### #...#
####### #)..#


You could see Grinder, a friendly adder and a friendly ball python.

Vanquished Creatures
  Ijyb (D:3)
  Jessica (D:2)
  Terence (D:2)
  An adder (D:3)
  An ooze (D:3)
  10 hobgoblins
  6 jackals (D:1)
  4 kobolds
  A quokka (D:3)
  9 bats
  3 giant newts
  6 goblins
  5 rats
49 creatures vanquished.

Vanquished Creatures (others)
  A jackal (D:3)
1 creature vanquished.

Grand Total: 50 creatures vanquished

Notes
Turn   | Place    | Note
--------------------------------------------------------------
     0 | D:1      | inmateoo the Octopode Transmuter began the quest for the Orb.
     0 | D:1      | Reached XP level 1. HP: 13/13 MP: 3/3
    40 | D:1      | Reached XP level 2. HP: 18/18 MP: 5/5
   414 | D:1      | Learned a level 2 spell: Sticks to Snakes
   710 | D:2      | Noticed Jessica
   716 | D:2      | Killed Jessica
   716 | D:2      | Reached XP level 3. HP: 17/23 MP: 4/6
   764 | D:2      | Noticed Terence
   779 | D:2      | Killed Terence
   779 | D:2      | Reached XP level 4. HP: 18/28 MP: 1/7
  1109 | D:2      | Learned a level 3 spell: Spider Form
  1639 | D:3      | Noticed Ijyb
  1963 | D:3      | Killed Ijyb
  1963 | D:3      | Reached skill level 4 in Unarmed Combat
  1968 | D:3      | Found a faded altar to an unknown god.
  2150 | D:3      | Reached XP level 5. HP: 30/33 MP: 9/9
  2300 | D:3      | Noticed Grinder
  2307 | D:3      | Paralysed by Grinder for 2 turns
  2307 | D:3      | Slain by Grinder

Action                   |  1- 3 |  4- 6 || total
-------------------------+-------+-------++-------
Melee: Unarmed           |    42 |       ||    42
       Club              |     6 |    58 ||    64
 Cast: Beastly Appendage |     1 |       ||     1
       Sticks to Snakes  |     3 |     3 ||     6
 Stab: Distracted        |     1 |       ||     1
       Sleeping          |     2 |     4 ||     6
  Eat: Chunk             |       |     5 ||     5
